Map: King Sejong Station LE

Players

Fropez - Winner!

  • Race: Protoss Protoss
  • League: Silver
  • Spawn Location: 11:00

Lesorub

  • Race: Zerg Zerg
  • League: Silver
  • Spawn Location: 5:00

VOD

Have the link to the VOD?

Description

Time

  • Played on: May 27, 2016, 11:13 a.m.
  • Length: 13:12
Show
View Real Time Build Order
Export as new Build Order

Fropez Protoss - Winner!

Build Orders:  

Get SALT Encoding   

  12  0:01  Probe (Chrono Boost)  
  13  0:16  Pylon  
  13  0:18  Probe (Chrono Boost)  
  15  0:28  Probe (Chrono Boost)  
  15  0:36  Gateway  
  15  0:39  Probe (Chrono Boost)  
  16  0:47  Pylon  
  16  0:50  Probe (Chrono Boost)  
  17  0:57  Assimilator  
  17  1:01  Probe (Chrono Boost)  
  18  1:11  Probe (Chrono Boost)  
  19  1:22  Probe (Chrono Boost)  
  19  1:24  Cybernetics Core  
  20  1:32  Probe (Chrono Boost)  
  21  1:42  Assimilator  
  21  1:43  Probe (Chrono Boost)  
  22  1:51  Gateway  
  22  1:53  Probe (Chrono Boost)  
  22  2:04  Mothership Core (Chrono Boost)  
  24  2:13  Stalker  
  26  2:20  Warp Gate (Chrono Boost)  
  26  2:22  Probe (Chrono Boost)  
  27  2:35  Probe  
  27  2:36  Pylon  
  28  2:38  Stalker  
  28  2:41  Pylon  
  30  2:48  Probe  
  31  2:55  Forge  
  31  3:00  Probe  
  32  3:08  Stalker  
  32  3:12  Probe  
  35  3:14  Gateway  
  35  3:24  Probe  
  36  3:27  Protoss Ground Weapons Level 1 (Chrono Boost)  
  36  3:33  Pylon  
  36  3:36  Probe  
  37  4:32  Stalker x2  
  37  4:34  Nexus  
  37  4:37  Assimilator  
  41  4:40  Probe  
  41  4:42  Assimilator  
  42  4:47  Gateway  
  42  4:52  Probe  
  43  4:56  Pylon  
  43  5:02  Stalker x3  
  49  5:24  Pylon  
  41  5:34  Pylon, Stalker x3  
  45  5:40  Probe  
  46  5:50  Twilight Council  
  46  5:52  Probe  
  46  5:53  Gateway  
  46  5:56  Probe  
  47  5:57  Protoss Ground Armor Level 1 (Chrono Boost)  
  48  6:32  Stalker x4  
  56  6:39  Probe  
  56  6:41  Probe  
  56  6:43  Blink (Chrono Boost)  
  52  6:59  Stalker x2  
  52  7:00  Stalker x2  
  58  7:19  Protoss Ground Weapons Level 2 (Chrono Boost)  
  58  7:23  Robotics Facility  
  58  7:25  Probe x2  
  60  7:32  Pylon  
  60  7:34  Pylon  
  60  7:38  Zealot  
  60  7:41  Probe x2  
  64  7:58  Stalker x4  
  70  8:45  Stalker x4  
  70  8:46  Stalker  
  80  8:52  Warp Prism  
  80  8:54  Probe  
  80  8:55  Probe  
  82  9:10  Nexus  
  82  9:13  Assimilator  
  80  9:17  Assimilator  
  80  9:20  Pylon x2  
  66  9:51  Stalker x5  
  70  10:12  Protoss Ground Weapons Level 3  
  70  10:15  Stalker x5  
  72  10:23  Probe x2  
  58  10:33  Gateway  
  58  10:35  Probe, Gateway  
  56  10:40  Zealot x2  
  56  10:41  Zealot  
  59  10:51  Photon Cannon  
  59  10:55  Zealot x2  
  59  11:03  Probe x2  
  61  11:14  Immortal  
  65  11:18  Zealot  
  65  11:19  Zealot x2  
  71  11:31  Photon Cannon  
  71  11:43  Probe x2  
  71  11:44  Probe  
  71  11:46  Dark Shrine  
  74  12:12  Stalker x2  
  74  12:13  Stalker x4  
  86  12:39  Stalker x4  
  86  12:40  Stalker  
  94  13:05  Stalker x4  
  96  13:06  Stalker x3  
Show
View Real Time Build Order
Export as new Build Order

Lesorub Zerg 

Build Orders: Hatch First 

Get SALT Encoding   

  12  0:10  Overlord  
  12  0:13  Drone  
  13  0:18  Drone  
  14  0:30  Drone  
  14  0:32  Drone  
  16  0:53  Hatchery  
  15  0:57  Drone x2  
  17  1:21  Extractor, Spawning Pool, Drone x2  
  17  1:45  Drone  
  18  1:53  Hatchery  
  17  2:02  Overlord  
  17  2:04  Drone  
  17  2:05  Drone  
  17  2:08  Drone  
  20  2:19  Queen  
  20  2:22  Drone  
  23  2:28  Drone  
  23  2:29  Drone  
  25  2:33  Drone  
  26  2:42  Drone  
  26  2:43  Drone  
  28  2:46  Drone  
  28  2:49  Drone  
  30  2:58  Overlord  
  30  3:03  Overlord  
  30  3:04  Queen  
  32  3:19  Drone x2  
  35  3:20  Drone  
  35  3:27  Drone  
  35  3:28  Drone x4  
  35  3:29  Overlord x2  
  40  3:40  Zergling x4  
  40  3:41  Zergling x2  
  42  3:53  Drone  
  42  3:54  Zergling x8  
  40  4:12  Zergling x8  
  43  4:26  Drone  
  43  4:27  Drone x5  
  43  4:30  Queen  
  51  4:36  Queen  
  53  4:41  Roach Warren  
  53  4:43  Overlord x3  
  53  4:45  Evolution Chamber  
  51  5:05  Drone x5  
  51  5:06  Drone x3  
  57  5:25  Zergling x8  
  60  5:40  Spine Crawler  
  59  5:47  Spine Crawler  
  58  5:50  Spine Crawler  
  58  5:52  Spine Crawler  
  58  5:54  Spore Crawler  
  55  6:00  Zergling x6  
  55  6:01  Zergling x14  
  55  6:02  Zergling x4  
  60  6:30  Zerg Melee Weapons Level 1  
  60  6:31  Metabolic Boost  
  58  6:38  Drone x5  
  58  6:39  Extractor, Drone x3  
  59  6:55  Queen  
  59  7:14  Spine Crawler x2  
  53  7:19  Lair  
  53  7:27  Extractor x2  
  53  7:28  Zergling x10  
  53  7:29  Zergling x12  
  63  7:30  Zergling x4  
  63  7:31  Queen  
  66  7:56  Spore Crawler x2  
  66  7:57  Drone x2  
  66  7:58  Drone x5  
  71  8:07  Queen  
  73  8:14  Spine Crawler  
  67  8:35  Zergling x10  
  67  8:36  Zergling x10  
  75  8:42  Queen  
  72  9:18  Queen  
  69  9:36  Zergling x10  
  69  9:37  Zergling x12  
  69  9:38  Zergling x14  
  63  10:00  Zerg Melee Weapons Level 2  
  63  10:02  Spire  
  53  10:16  Zergling x6  
  53  10:17  Zergling x12  
  53  10:18  Zergling x4  
  56  10:26  Drone x3  
  47  10:48  Zergling x4  
  47  10:49  Zergling x10  
  51  10:55  Zergling x10  
  51  10:56  Zergling x2  
  39  11:33  Extractor  
  39  11:36  Zergling x4  
  39  11:37  Zergling x14  
  39  11:38  Zergling x6  
  50  11:49  Queen  
  40  12:09  Roach x2  
  40  12:10  Roach x5  
  40  12:12  Drone x2  
  56  12:23  Spine Crawler  
  56  12:25  Spine Crawler x2  
  56  12:28  Spine Crawler  
  52  12:33  Spine Crawler  
  51  12:50  Roach  
  51  12:51  Roach x7  
  57  12:52  Roach x2  
Tags
 
Add a new tag
Caveats
  • Supply blocks, unpowered buildings, or Contaminate may cause inaccurate times.
  • Supply counts are checked every 10 seconds.